 Dungeon Crawl Stone Soup version 0.25-a0-447-gff83419037 (webtiles) character file.

Game seed: 15178909268842699453, levelgen mode: deterministic

1783 Gargoyl the Chopper (level 8, 0/67 HPs)
             Began as a Centaur Abyssal Knight on Jan 31, 2020.
             Was an Elder of Lugonu.
             Slain by an ogre
             ... wielding a +0 giant club
              (17 damage)
             ... on level 7 of the Dungeon.
             The game lasted 00:10:46 (6899 turns).

Gargoyl the Chopper (Centaur Abyssal Knight)        Turns: 6899, Time: 00:10:47

Health: 0/67       AC: 12    Str: 16    XL:     8   Next: 81%
Magic:  11/11      EV:  5    Int: 16    God:    Lugonu [****..]
Gold:   330        SH:  0    Dex: 10    Spells: 7/7 levels left

rFire    . . .     SeeInvis .   a - +4 hand axe
rCold    . . .     Gourm    .   (no shield)
rNeg     . . .     Faith    .   g - +0 chain mail
rPois    .         Spirit   .   j - +0 helmet
rElec    .         Reflect  .   f - +0 cloak
rCorr    .         Harm     .   l - +0 pair of gloves
MR       .....                  (no barding)
Stlth    ..........             (no amulet)
HPRegen  0.21/turn              p - +5 ring of intelligence
MPRegen  0.12/turn              (no ring)

@: studying Short Blades, very quick
A: large, hooves 3, deformed body, speed 2, tough skin 3
a: Depart the Abyss, Bend Space, Banish, Corrupt, Renounce Religion


You were on level 7 of the Dungeon.
You worshipped Lugonu.
Lugonu was greatly pleased with you.
You were hungry.

You visited 1 branch of the dungeon, and saw 7 of its levels.
You visited the Abyss 1 time.

You collected 330 gold pieces.

Inventory:

Hand Weapons
 a - a +4 hand axe (weapon)
 h - a +2 spear of venom
Missiles
 d - 25 boomerangs (quivered)
Armour
 f - a +0 cloak (worn)
 g - a +0 chain mail (worn)
 j - a +0 helmet (worn)
 l - a +0 pair of gloves (worn)
Jewellery
 p - a +5 ring of intelligence (left hand)
Wands
 b - a wand of iceblast (10)
Scrolls
 e - 3 scrolls of identify
 k - 3 scrolls of teleportation
 o - a scroll of noise {unknown}
Potions
 i - a potion of curing
 n - a potion of flight
Books
 m - a manual of Short Blades
Comestibles
 c - 13 rations


   Skills:
 + Level 4.8 Fighting
 + Level 5.7 Axes
 + Level 1.7 Throwing
 * Level 4.8 Armour
 * Level 3.1 Dodging
 * Level 5.0 Invocations


You had 7 spell levels left.
You didn't know any spells.
Your spell library contained the following spells:

 Spells                   Type           Power        Failure   Level  Hunger
 Corona                   Hex            #......      98%         1    ##.....
 Ensorcelled Hibernation  Hex/Ice        #.....       99%         2    ###....
 Confusing Touch          Hex            #.......     100%        3    ####...
 Dazzling Flash           Conj/Hex       #.....       100%        3    ####...
 Tukima's Dance           Hex            #.......     100%        3    ####...


Dungeon Overview and Level Annotations

Branches:
Dungeon (7/15)             Temple (0/1) D:4

Altars:


Innate Abilities, Weirdness & Mutations

You have hooves in place of feet.
Armour fits poorly on your strangely shaped body.
You cover ground very quickly.
You have extremely tough skin. (AC +3)


Message History

The ogre hits you with a +0 giant club!!
You hit the ogre. You kick the ogre.
The ogre is heavily wounded.
The ogre hits you with a +0 giant club!!
You hit the ogre. You kick the ogre, but do no damage.
The ogre is heavily wounded.
The ogre hits you with a +0 giant club.
* * * LOW HITPOINT WARNING * * *
You closely miss the ogre.
The ogre is heavily wounded.
You hit the phantom. The phantom hits you.
* * * LOW HITPOINT WARNING * * *
Unknown command.
You hit the ogre.
The ogre is severely wounded.
You hit the phantom.
You destroy the phantom!
Lugonu accepts your kill. The ogre hits you with a +0 giant club!
You die...

#.....#.#
#.###.#.#
#.#<#.#.#
#.#.#.#.#
#.#.#.#.######
#.#.#........#
#.#.#........#
#.#.#........#
#.#.#.....@..#...
#.#.#.....O.......
#.#.#>............
#...#....<........
#####.#.##........
.....##........
###...##........
#...##........
#.... .......


You could see an ogre.

Vanquished Creatures
  The ghost of Zarkath the Firebug, an amateur TeFE (D:3)
  An ice beast (D:5)
  A sky beast (D:5)
  2 phantoms
  2 ogres
  A centaur (D:6)
  A scorpion (D:4)
  2 howler monkeys
  2 crimson imps
  A bullfrog zombie (D:5)
  4 hounds
  5 orc priests
  A jelly (D:5)
  5 orc wizards
  Jessica (D:3)
  Natasha (thrice) (D:3)
  2 iguanas (D:5)
  A worker ant (D:2)
  A hound skeleton (D:4)
  Robin (D:3)
  A howler monkey skeleton (D:5)
  A gnoll (D:1)
  5 adders
  A shadow imp (D:6)
  An adder zombie (D:5)
  4 worms
  A dart slug (D:1)
  5 leopard geckos
  16 orcs
  7 bats
  8 giant cockroaches
  15 goblins
  5 hobgoblins
  13 jackals
  7 kobolds
  3 quokkas
  4 frilled lizards
  A leopard gecko skeleton (D:4)
  6 rats
142 creatures vanquished.

Notes
Turn   | Place    | Note
-------+----------+-------------------------------------------
     0 | Abyss:1  | Gargoyl the Centaur Abyssal Knight began the quest for the
                  | Orb.
     0 | Abyss:1  | Reached XP level 1. HP: 19/19 MP: 2/2
    37 | Abyss:1  | Found a corrupted altar of Lugonu.
    99 | Abyss:1  | Noticed a large abomination
   170 | Abyss:1  | Noticed a deep elf elementalist
   176 | Abyss:1  | Noticed an earth elemental
   177 | Abyss:1  | Noticed an earth elemental
   179 | Abyss:1  | Noticed an earth elemental
   189 | Abyss:1  | Noticed a hellwing
   214 | Abyss:1  | Noticed a small abomination
   217 | Abyss:1  | Noticed a large abomination
   219 | Abyss:1  | Noticed a smoke demon
   232 | Abyss:1  | Noticed a large abomination
   233 | Abyss:1  | Noticed a small abomination
   237 | Abyss:1  | Noticed a worldbinder
   239 | Abyss:1  | Noticed a necromancer
   239 | D:1      | Escaped the Abyss
   333 | D:1      | Reached * piety under Lugonu
   481 | D:1      | Reached XP level 2. HP: 24/26 MP: 3/3
   561 | D:1      | Reached skill level 1 in Dodging
  1293 | D:1      | Reached XP level 3. HP: 22/31 MP: 4/4
  1882 | D:2      | Reached XP level 4. HP: 24/39 MP: 5/5
  2431 | D:3      | Reached skill level 1 in Throwing
  2524 | D:3      | Noticed Natasha
  2531 | D:3      | Killed Natasha
  2531 | D:3      | Reached XP level 5. HP: 29/46 MP: 7/7
  2580 | D:3      | Reached ** piety under Lugonu
  2700 | D:3      | Noticed Natasha
  2855 | D:3      | Killed Natasha
  2855 | D:3      | Reached XP level 6. HP: 45/52 MP: 8/8
  2902 | D:3      | Noticed Natasha
  2912 | D:3      | Killed Natasha
  3053 | D:3      | Noticed Zarkath's ghost (amateur TeFE)
  3062 | D:3      | Found a runed translucent gate.
  3062 | D:3      | Found a runed translucent gate.
  3064 | D:3      | Found a runed translucent gate.
  3299 | D:3      | Noticed Jessica
  3304 | D:3      | Killed Jessica
  3405 | D:3      | Noticed Robin
  3419 | D:3      | Killed Robin
  3676 | D:3      | Killed Zarkath's ghost
  3683 | D:3      | Reached XP level 7. HP: 24/59 MP: 9/9
  3942 | D:4      | Got a heavily runed chain mail
  3953 | D:4      | Identified the +2 chain mail of Youthful Indiscretion {rC-
                  | Regen+ Int+2 Stlth+} (You found it on level 4 of the
                  | Dungeon)
  4427 | D:4      | Reached *** piety under Lugonu
  4464 | D:4      | Found a staircase to the Ecumenical Temple.
  5091 | D:5      | Entered Level 5 of the Dungeon
  5361 | D:5      | Reached XP level 8. HP: 57/67 MP: 11/11
  5835 | D:5      | Reached skill level 5 in Axes
  6688 | D:6      | Reached **** piety under Lugonu
  6688 | D:6      | Reached skill level 5 in Invocations
  6899 | D:7      | Slain by an ogre

Levels and vault maps discovered:
D:1:      ncdulo_wetmaze, layout_loops_corners
D:2:      layout_loops_ring
D:3:      layout_basic, gammafunk_ghost_split, cheibrodos_sewer_entry_bend,
          uniq_robin, uniq_natasha, uniq_jessica
D:4:      layout_basic, minmay_temple_entry_fiery, first_ration
D:5:      layout_basic, minmay_manual_monolith
D:6:      layout_basic
D:7:      layout_basic, kennysheep_little_box, uniq_joseph

Skill      XL: |  1  2  3  4  5  6  7  8 |
---------------+-------------------------+-----
Dodging        | 1 2 3 |  3.1
Axes           | 2 3 4 5 |  5.7
Armour         | 2 3 4 |  4.8
Throwing       | 1 |  1.7
Invocations    | 3 4 5 |  5.0
Fighting       | 4 |  4.8

Action                   |  1- 3 |  4- 6 |  7- 9 || total
-------------------------+-------+-------+-------++-------
Melee: Hand axe          |    72 |   177 |   203 ||   452
       Kick              |    10 |    27 |    56 ||    93
Throw: Boomerang         |    18 |       |     4 ||    22
Invok: Depart the Abyss  |     1 |       |       ||     1
  Use: Scroll            |     6 |     4 |     3 ||    13
       Potion            |       |     3 |       ||     3
  Eat: Chunk             |     2 |     5 |     8 ||    15
Armor: Ring mail         |    36 |       |       ||    36
       Chain mail        |    43 |    89 |   158 ||   290
       Skin              |       |    30 |       ||    30
Dodge: Dodged            |    26 |    31 |    34 ||    91

Table legend:
 A = Non-vault XP
 B = Vault XP
 C = Vault XP percentage of total XP
 D = Non-vault monster count
 E = Vault monster count
 F = Vault count percentage of total count
                 A         B        C        D         E       F
            +---------+---------+-------+---------+---------+-------
      Total |    1903 |     645 |  25.3 |     118 |      24 |  16.9
            +---------+---------+-------+---------+---------+-------
        D:1 |      50 |       0 |   0.0 |      21 |       0 |   0.0
        D:2 |      64 |       0 |   0.0 |      13 |       0 |   0.0
        D:3 |     294 |     392 |  57.1 |      29 |      19 |  39.6
        D:4 |     406 |       0 |   0.0 |      30 |       0 |   0.0
        D:5 |     615 |     253 |  29.1 |      12 |       5 |  29.4
        D:6 |     356 |       0 |   0.0 |      12 |       0 |   0.0
        D:7 |     118 |       0 |   0.0 |       1 |       0 |   0.0
            +---------+---------+-------+---------+---------+-------
